 Dungeon Crawl Stone Soup version 0.26.0-11-g8f856b5395 (webtiles) character file.

Game seed: 4290537562010264944

164714 ragingrage the Severer (level 16, -5/141 HPs)
             Began as a Demigod Wanderer on Jan 12, 2021.
             Killed from afar by a Hell Sentinel (43 damage)
             ... with damnation
             ... on level 3 of the Abyss on Jan 14, 2021.
             The game lasted 01:05:25 (36317 turns).

ragingrage the Severer (Demigod Wanderer)          Turns: 36317, Time: 01:05:25

Health: -5/141     AC: 38    Str: 26    XL:     16   Next: 71%
Magic:  0/21       EV: 10    Int: 16    God:
Gold:   2148       SH: 12    Dex: 17    Spells: 17/17 levels left

rFire    . . .     SeeInvis +   j - +9 broad axe (spect)
rCold    . . .     Faith    .   D - +0 kite shield
rNeg     . . .     Spirit   +   C - +14 chain mail of the Serpent {Will- rCorr SInv}
rPois    .         Reflect  .   Q - +1 helmet
rElec    .         Harm     .   M - scarf {repulsion}
rCorr    +         Rampage  .   Y - +0 pair of gloves {Dex+3}
Will     .....                  X - +0 pair of boots "Ekidit" {Regen+}
Stlth    ..........             i - amulet of guardian spirit
HPRegen  0.73/turn              W - +4 ring of protection
MPRegen  0.17/turn              H - +4 ring of protection

@: silenced, repel missiles
A: high mp 1, subdued magic 1
a: no special abilities


You were on level 3 of the Abyss.
You visited 5 branches of the dungeon, and saw 27 of its levels.
You visited the Abyss 1 time.
You also visited: Sewer, Ossuary, Bailey and Ice Cave.

You collected 4618 gold pieces.
You spent 2470 gold pieces at shops.

Inventory:

Hand Weapons
 a - the +9 spear of the Postmodern Ghosts {vorpal, *Slow rElec rF++}
   (You found it on level 4 of the Dungeon)

   It inflicts extra damage upon your enemies.
   It greatly protects you from fire.
   It insulates you from electricity.
   It may slow you when you take damage.
 j - a +9 spectral broad axe (weapon)
Missiles
 J - 7 silver javelins
 L - 25 poisoned darts
 P - 8 datura-tipped darts
 U - 15 curare-tipped darts (quivered)
Armour
 C - the +14 chain mail of the Serpent (worn) {Will- rCorr SInv}
   (You found it on level 5 of the Dungeon)

   It affects your willpower, your defense against some magical effects.
   It lets you see invisible.
   It provides partial protection from all sources of acid and corrosion.
 D - a +0 kite shield (worn)
 M - a scarf of repulsion (worn)
 Q - a +1 helmet (worn)
 T - +0 swamp dragon scales
 X - the +0 pair of boots "Ekidit" (worn) {Regen+}
   (You acquired it on level 15 of the Dungeon)

   It increases your rate of regeneration.
 Y - a +0 pair of gloves of dexterity (worn)
Jewellery
 b - the ring "Yreaf" {Fire rElec Dex+2}
   (You took it off a wizard on level 1 of the Elven Halls)

   [ring of fire]

   It enhances your fire magic.
   It affects your dexterity (+2).
   It protects you from fire.
   It makes you vulnerable to cold.
   It insulates you from electricity.
 i - an amulet of guardian spirit (around neck)
 H - a +4 ring of protection (right hand)
 N - an uncursed ring of protection from cold
 W - a +4 ring of protection (left hand)
Wands
 o - a wand of flame (11)
 u - a wand of polymorph (13)
 w - a wand of iceblast (36)
 F - a wand of digging (20)
 G - a wand of enslavement (15)
 O - a wand of paralysis (12)
 R - a wand of acid (4)
Scrolls
 c - a scroll of magic mapping
 e - 3 scrolls of silence
 h - a scroll of enchant armour
 r - 14 scrolls of identify
 t - 10 scrolls of remove curse
 z - 4 scrolls of fear
 A - 7 scrolls of fog
 B - 13 scrolls of teleportation
 I - 2 scrolls of holy word
 K - 2 scrolls of blinking
Potions
 d - 8 potions of brilliance
 f - 2 potions of ambrosia
 g - 21 potions of curing
 k - 7 potions of flight
 l - 3 potions of magic
 m - 8 potions of might
 n - 9 potions of mutation
 p - 8 potions of heal wounds
 q - a potion of cancellation
 s - 6 potions of haste
 v - 3 potions of resistance
 y - a potion of berserk rage
 E - 5 potions of lignification
 V - 2 potions of attraction
Miscellaneous
 x - a lightning rod (4/4)
 Z - a phial of floods


   Skills:
 + Level 12.6 Fighting
 + Level 18.7 Axes
 - Level 1.0(12.7) Maces & Flails
 - Level 1.0 Throwing
 - Level 10.0 Armour
 - Level 5.0 Dodging
 + Level 6.9 Shields
 - Level 4.0 Unarmed Combat
 - Level 1.0 Spellcasting
 - Level 1.0 Conjurations
 - Level 1.0 Summonings
 + Level 11.5 Evocations


You had 17 spell levels left.
You didn't know any spells.
Your spell library contained the following spells:

 Spells                   Type           Power        Failure   Level
 Magic Dart               Conj           12%          88%         1
 Summon Small Mammal      Summ           12%          88%         1
 Shock                    Conj/Air       4%           92%         1
 Animate Skeleton         Necr           0%           96%         1
 Apportation              Tloc           0%           96%         1
 Corona                   Hex            0%           96%         1
 Pain                     Necr           0%           96%         1
 Sandblast                Erth           0%           96%         1
 Sting                    Tmut/Pois      0%           96%         1
 Call Imp                 Summ           3%           96%         2
 Blink                    Tloc           N/A          99%         2
 Ensorcelled Hibernation  Hex/Ice        0%           99%         2
 Passwall                 Tmut/Erth      0%           99%         2
 Slow                     Hex            0%           99%         2
 Swiftness                Air            0%           99%         2
 Call Canine Familiar     Summ           3%           99%         3
 Confusing Touch          Hex            0%           100%        3
 Conjure Flame            Conj/Fire      1%           100%        3
 Dazzling Flash           Conj/Hex       2%           100%        3
 Mephitic Cloud           Conj/Pois/Air  1%           100%        3
 Static Discharge         Conj/Air       1%           100%        3
 Stone Arrow              Conj/Erth      2%           100%        3
 Summon Guardian Golem    Hex/Summ       1%           100%        3
 Tukima's Dance           Hex            0%           100%        3
 Vampiric Draining        Necr           0%           100%        3
 Airstrike                Air            0%           100%        4
 Animate Dead             Necr           0%           100%        4
 Petrify                  Tmut/Erth      0%           100%        4
 Summon Ice Beast         Ice/Summ       1%           100%        4
 Summon Lightning Spire   Summ/Air       1%           100%        4
 Agony                    Necr           0%           100%        5
 Bolt of Magma            Conj/Fire/Erth 0%           100%        5
 Borgnjor's Vile Clutch   Necr/Erth      0%           100%        5
 Fireball                 Conj/Fire      0%           100%        5
 Iskenderun's Battlesphe  Conj           3%           100%        5
 Lee's Rapid Deconstruct  Erth           0%           100%        5
 Lightning Bolt           Conj/Air       0%           100%        5
 Silence                  Hex/Air        0%           100%        5
 Hydra Form               Tmut           0%           100%        6
 Iron Shot                Conj/Erth      0%           100%        6
 Shadow Creatures         Summ           N/A          100%        6
 Orb of Destruction       Conj           1%           100%        7
 Spellforged Servitor     Conj/Summ      1%           100%        7


Dungeon Overview and Level Annotations

Branches:
Dungeon (15/15)            Temple (0/1) D:6            Lair (6/6) D:9
  Swamp (3/4) Lair:4        Snake (0/4) Lair:3        Slime (0/5) Lair:5
    Orc (2/2) D:11            Elf (1/3) Orc:2        Vaults (0/5) D:14
 Depths (0/5) D:15          Sewer (visited)         Ossuary (visited)
 Bailey (visited)           IceCv (visited)

Shops:
D:6 *   D:10 [*   D:11 ?   D:13 :   Orc:1 :[?   Orc:2 !([[   Elf:1 *!

Annotations:
D:7 exclusion: downstairs
D:12 3 runed translucent doors, exclusion: 3 doors, Dufy's ghost, journeyman GnWn
Swamp:1 exclusion: downstairs
Swamp:2 1 runed translucent door, exclusion: downstairs, boopsy's ghost, adept GnFi


Innate Abilities, Weirdness & Mutations

You have an increased reservoir of magic. (+10% MP)
Your spells are a little easier to cast, but a little less powerful.


Message History

Your spectral weapon shares its damage with you!
Your spectral weapon fades away.
* * * LOW HITPOINT WARNING * * *
Unknown command.
Unknown command.
You feel much better.
An Executioner comes into view.
The Executioner moves out of view.
Unknown command.
You hit the Hell Sentinel but do no damage.
You draw out your weapon's spirit!
You hit the ettin.
Something hits your spectral weapon but does no damage.
The ettin barely misses you. You block the ettin's attack.
You hit the Hell Sentinel but do no damage.
You slash the ettin!
Your spectral weapon hits the Hell Sentinel!
Your spectral weapon hits something!
The Hell Sentinel gestures at you.
The sphere of damnation explodes!
The damnation engulfs you!!!
You die...

#. ## ## ##.# # .
##. . #....##
.### #.#.#.. .# #
#.. . #).. #.# .#
. . .##C##.##.##
.. #..#W##.GC##.#
.. #=##C #W##C##
. #..∩##W*####@#
..
.○#.####.#1##.# .
.)##p#..#(##....#
.. #...≈##1#####
.##.# . # ..3####
#. .. .# #.... ..
# .. . . #.#
..#.# # # # #
##.. . #.


You could see a Hell Sentinel, 2 ettins, a silent spectre (silencing), a
floating eye and a friendly +9 spectral broad axe (summoned).

Vanquished Creatures
  Jorgrun (Orc:2)
  A thorn hunter (Swamp:2)
  A draconian knight (Abyss:3)
  A deep elf sorcerer (Elf:1)
  An orc warlord (Orc:1)
  A starcursed mass (Abyss:3)
  Azrael (Orc:2)
  4 bunyips
  A red draconian (Abyss:3)
  A fire dragon (D:15)
  2 eleionomae (Swamp:2)
  3 ettins
  2 yaktaur captains (D:15)
  6 hydras
  4 vault guards (D:14)
  5 boulder beetles
  A ghost crab (Swamp:2)
  3 catoblepae
  5 centaur warriors
  8 two-headed ogres
  3 dancing weapons (Elf:1)
  9 alligators
  A queen ant (Lair:3)
  3 death yaks
  Urug (Orc:2)
  5 thrashing horrors (Abyss:3)
  5 deep elf knights
  A hell knight (D:15)
  2 orc high priests
  A slime creature (D:13)
  A sixfirhy (Abyss:3)
  6 spriggans
  5 skeletal warriors (D:15)
  5 unseen horrors
  2 goliath frogs
  4 swamp dragons
  A bog body (Swamp:1)
  4 deep elf archers (Elf:1)
  A spriggan druid (Swamp:2)
  A necromancer (IceCv)
  3 wizards
  3 orc knights
  A wolf spider (D:14)
  An orc sorcerer (Orc:2)
  7 ugly things
  A mana viper (Lair:6)
  5 will-o-the-wisps
  18 deep elf magi
  2 cyclopes
  A worldbinder (Abyss:3)
  A wolf spider zombie (D:15)
  A salamander (shapeshifter) (D:15)
  18 elephants
  A rust devil (Abyss:3)
  2 ice statues (IceCv)
  2 smoke demons (Abyss:3)
  A gargoyle (D:14)
  An apocalypse crab (Abyss:3)
  25 cane toads
  3 black mambas
  A rime drake (Lair:4)
  An orange demon (Abyss:3)
  A demonic crawler (Abyss:3)
  8 ice devils (IceCv)
  7 komodo dragons
  2 tengu conjurers
  3 ancient zymes (Abyss:3)
  9 trolls
  3 polar bears
  6 hornets
  7 tyrant leeches
  2 raiju (Abyss:3)
  28 blink frogs
  3 large abominations (Abyss:3)
  An air elemental (Elf:1)
  A vampire (D:14)
  3 shadows
  3 wyverns
  An ettin skeleton (Abyss:3)
  A ynoxinul (Abyss:3)
  68 yaks
  5 fire elementals
  5 basilisks
  A wraith (D:14)
  9 vampire mosquitoes
  A neqoxec (Abyss:3)
  8 swamp worms
  5 wargs
  4 nagas (Lair:3)
  23 soldier ants
  9 water moccasins
  2 hell hounds (Orc:2)
  A floating eye (shapeshifter) (Elf:1)
  2 ice beasts (D:9)
  44 orc warriors
  5 phantoms
  2 sky beasts
  6 black bears
  4 swamp drakes
  3 eyes of draining
  7 ogres
  27 wolves
  A boggart (Elf:1)
  16 centaurs
  A big kobold (D:11)
  25 bullfrogs
  2 small abominations (Abyss:3)
  A gnoll sergeant (D:10)
  An earth elemental (Elf:1)
  A water moccasin skeleton (D:6)
  A water moccasin zombie (D:9)
  3 troll zombies (D:11)
  6 scorpions
  19 wights
  15 killer bees
  2 electric eels
  2 howler monkeys (D:9)
  3 bullfrog zombies
  9 centaur zombies
  7 jellies
  A quasit (D:5)
  11 hounds
  3 draconian simulacra (IceCv)
  6 bullfrog skeletons
  2 human zombies (Ossuary)
  20 orc priests
  4 centaur skeletons
  22 orc wizards
  2 iguanas
  31 worker ants
  Terence (D:3)
  Ijyb (D:5)
  2 yak simulacra (Lair:6)
  2 polar bear simulacra (Lair:6)
  A troll simulacrum (IceCv)
  4 wolf simulacra (Lair:6)
  3 big kobold zombies (Ossuary)
  3 ogre zombies (D:11)
  2 centaur simulacra (IceCv)
  4 hound skeletons
  3 mummies (Ossuary)
  A howler monkey zombie (D:8)
  3 worker ant zombies
  7 gnolls
  6 adders
  3 naga simulacra (IceCv)
  2 ogre simulacra
  7 river rats (Sewer)
  3 shadow imps
  14 white imps
  2 ufetubi
  4 oozes
  An adder skeleton (D:4)
  3 worms
  3 dart slugs (D:2)
  8 leopard geckos
  110 orcs
  8 ball pythons
  9 bats
  6 giant cockroaches
  A gnoll zombie (Ossuary)
  8 goblins
  14 hobgoblins
  9 jackals
  36 kobolds
  6 quokkas
  5 frilled lizards
  A goblin skeleton (D:11)
  2 goblin zombies
  A hobgoblin skeleton (D:11)
  2 hobgoblin zombies (D:11)
  2 orc skeletons (D:11)
  12 orc zombies (D:11)
  27 rats
  3 river rat simulacra (Lair:6)
1114 creatures vanquished.

Vanquished Creatures (collateral kills)
  An ogre (Orc:2)
  2 orcs (Orc:2)
3 creatures vanquished.

Vanquished Creatures (others)
  A bunyip (Swamp:2)
  A dancing weapon (Elf:1)
  A deep elf mage (Elf:1)
  3 bloated husks (Swamp:3)
  2 hell hounds (Orc:2)
  An orc warrior (Orc:2)
  A bullfrog (D:9)
  An orc (Elf:1)
  55 foxfires
  40 fungi
  88 plants
194 creatures vanquished.

Grand Total: 1311 creatures vanquished

Notes
Turn   | Place    | Note
-------+----------+-------------------------------------------
     0 | D:1      | ragingrage the Demigod Wanderer began the quest for the
                  | Orb.
     0 | D:1      | ragingrage set off with the following items: a +0 hand axe,
                  | a +2 scale mail, a +0 mace
     0 | D:1      | Reached XP level 1. HP: 16/16 MP: 4/4
    42 | D:1      | Reached skill level 1 in Axes
    42 | D:1      | Reached XP level 2. HP: 17/23 MP: 5/5
   491 | D:1      | Reached XP level 3. HP: 23/29 MP: 6/6
  1098 | D:1      | Upgraded the game from 0.26.0-8-g74fc34ddfb to
                  | 0.26.0-10-g1f06aea511
  1233 | D:2      | Reached skill level 2 in Axes
  1873 | D:2      | Found a broken altar of Ashenzari.
  1873 | D:2      | Found a shadowy altar of Dithmenos.
  2035 | D:2      | Reached XP level 4. HP: 37/37 MP: 8/8
  2613 | D:3      | Noticed Terence
  2636 | D:3      | Killed Terence
  2637 | D:3      | Reached skill level 3 in Axes
  2800 | D:3      | Found a sacrificial altar of Ru.
  2984 | D:4      | Identified the cursed +1 quarterstaff "Calimosch"
                  | {antimagic, rPois MP+9 Dex-3 Stlth+} (You found it on level
                  | 4 of the Dungeon)
  3000 | D:4      | Reached XP level 5. HP: 19/42 MP: 6/9
  3041 | D:4      | Found a glowing drain.
  3101 | D:4      | Reached skill level 4 in Axes
  3114 | Sewer    | Entered a sewer
  3766 | Sewer    | Reached XP level 6. HP: 48/50 MP: 6/10
  3808 | Sewer    | Reached skill level 5 in Axes
  4296 | D:4      | Found an opulent altar of Gozag.
  4431 | D:4      | Identified the +9 spear of the Postmodern Ghosts {vorpal,
                  | *Slow rElec rF++} (You found it on level 4 of the Dungeon)
  4600 | D:5      | Entered Level 5 of the Dungeon
  4631 | D:5      | Identified the +14 chain mail of the Serpent {Will- rCorr
                  | SInv} (You found it on level 5 of the Dungeon)
  4652 | D:5      | Reached skill level 6 in Axes
  4700 | D:5      | Reached XP level 7. HP: 56/57 MP: 11/11
  4707 | D:5      | Noticed Ijyb
  4715 | D:5      | Killed Ijyb
  5319 | D:6      | Found a staircase to the Ecumenical Temple.
  5659 | D:6      | Reached skill level 7 in Axes
  5739 | D:6      | Reached skill level 5 in Fighting
  5847 | D:6      | Found Ufropn's Elemental Accessories.
  6037 | D:7      | Found a flagged portal.
  6052 | D:7      | Reached XP level 8. HP: 68/68 MP: 12/12
  6055 | D:7      | Identified the +5 hand axe of Bloody Death {drain, +Blink
                  | Dex+8} (You found it on level 7 of the Dungeon)
  6069 | Bailey   | Entered a bailey
  6094 | Bailey   | Noticed an orc knight
  6391 | Bailey   | Killed an orc knight
  6392 | Bailey   | Reached skill level 8 in Axes
  6423 | Bailey   | Reached skill level 9 in Axes
  7655 | D:8      | Reached XP level 9. HP: 60/74 MP: 10/13
  7657 | D:8      | Reached skill level 10 in Axes
  7756 | D:8      | Found a sand-covered staircase.
  7795 | Ossuary  | Entered an ossuary
  7999 | D:8      | Noticed a two-headed ogre
  8152 | D:8      | Reached skill level 11 in Axes
  8339 | D:8      | Killed a two-headed ogre
  8525 | D:8      | Reached skill level 12 in Axes
  8534 | D:8      | Found a glowing golden altar of the Shining One.
  8737 | D:9      | Reached XP level 10. HP: 81/81 MP: 14/14
  8739 | D:9      | Found a staircase to the Lair.
  8858 | D:9      | Found an iron altar of Okawaru.
  8879 | D:9      | Noticed a deep elf mage
  8882 | D:9      | Noticed a swamp dragon
  8882 | D:9      | a deep elf mage changed into a swamp dragon
  8908 | D:9      | Killed a swamp dragon
  8909 | D:9      | Reached skill level 13 in Axes
  9561 | D:9      | Noticed a deep elf mage
  9567 | D:9      | Noticed a smoke demon
  9592 | D:9      | Killed a deep elf mage
  9936 | D:9      | Reached skill level 14 in Axes
 10073 | D:10     | Entered Level 10 of the Dungeon
 10073 | D:10     | Noticed a two-headed ogre
 10081 | D:10     | Killed a two-headed ogre
 10198 | D:10     | Found Horunod's General Store.
 10206 | D:10     | Bought a scroll of identify for 26 gold pieces
 10206 | D:10     | Bought a potion of heal wounds for 65 gold pieces
 10206 | D:10     | Bought a scroll of identify for 26 gold pieces
 10206 | D:10     | Bought a potion of lignification for 39 gold pieces
 10230 | D:10     | Noticed an unseen horror
 10361 | Lair:1   | Entered Level 1 of the Lair of Beasts
 10377 | Lair:1   | Reached XP level 11. HP: 86/88 MP: 15/15
 10820 | Lair:1   | Reached skill level 15 in Axes
 11666 | Lair:2   | Reached skill level 16 in Axes
 12168 | Lair:2   | Reached skill level 1 in Dodging
 12177 | Lair:2   | Reached skill level 1 in Unarmed Combat
 12510 | Lair:3   | Reached XP level 12. HP: 72/95 MP: 13/16
 12908 | Lair:3   | Found a frozen archway.
 12986 | IceCv    | Entered an ice cave
 13846 | IceCv    | Identified the +0 leather armour of Sal Wyoma {*Drain rPois
                  | Str+6 Dex+2} (You found it in an ice cave)
 14377 | Lair:3   | Identified a scroll of acquirement
 14377 | Lair:3   | Acquired 946 gold pieces
 14520 | Lair:3   | Found a staircase to the Snake Pit.
 14895 | Lair:3   | Noticed a catoblepas
 14916 | Lair:3   | Killed a catoblepas
 14936 | Lair:3   | Identified the +7 falchion of Gaagosor {pain, rElec rN+
                  | SInv} (You found it on level 3 of the Lair of Beasts)
 15265 | Lair:4   | Reached skill level 5 in Armour
 15438 | Lair:4   | Found a staircase to the Swamp.
 16479 | Lair:5   | Noticed a four-headed hydra
 16493 | Lair:5   | Killed a four-headed hydra
 16641 | Lair:5   | Reached XP level 13. HP: 105/105 MP: 17/17
 16687 | Lair:5   | Reached skill level 1 in Evocations
 16733 | Lair:5   | Found a runed translucent door.
 16733 | Lair:5   | Found a viscous altar of Jiyva.
 16733 | Lair:5   | Found a staircase to the Slime Pits.
 16814 | Lair:5   | Found a shadowy altar of Dithmenos.
 17096 | Lair:5   | Reached skill level 17 in Axes
 17096 | Lair:5   | Reached skill level 5 in Dodging
 17669 | Lair:6   | Entered Level 6 of the Lair of Beasts
 18966 | Lair:6   | Reached skill level 5 in Evocations
 18989 | Lair:6   | Reached XP level 14. HP: 88/118 MP: 19/19
 19350 | Lair:6   | Identified the +6 hand crossbow of the Inferno {penet,
                  | Will- Str+2 Int+4 Stlth+} (You found it on level 6 of the
                  | Lair of Beasts)
 20495 | D:10     | Identified Sif Muna's Grimoire of Transmigration and the
                  | Volcanoes
 20517 | D:10     | Found Aleud's Antique Armour Boutique.
 20644 | D:11     | Paralysed by a hornet for 2 turns
 20682 | D:11     | Found a staircase to the Orcish Mines.
 21193 | D:11     | Found Eqoiq's Magic Scroll Emporium.
 21220 | D:11     | Bought a scroll of identify for 26 gold pieces
 21220 | D:11     | Bought a scroll of identify for 26 gold pieces
 21220 | D:11     | Bought a scroll of identify for 26 gold pieces
 21312 | D:11     | Found a bloodstained altar of Trog.
 22346 | D:12     | Found a runed translucent gate.
 22346 | D:12     | Found a runed translucent gate.
 22346 | D:12     | Noticed Dufy's ghost (journeyman GnWn)
 22353 | D:12     | Found a runed translucent gate.
 22898 | D:13     | Acquired 711 gold pieces
 23634 | D:13     | Found Ochugh's Book Emporium.
 23902 | D:14     | Found a gate to the Vaults.
 23918 | D:14     | Reached skill level 10 in Fighting
 24856 | D:14     | Found a stormy altar of Qazlal.
 25280 | D:14     | Reached XP level 15. HP: 126/126 MP: 20/20
 25782 | Orc:1    | Entered Level 1 of the Orcish Mines
 25981 | Orc:1    | Found Sakiplugg's Armour Shoppe.
 26009 | Orc:1    | Found Vaj Taushrum's Magic Scroll Shoppe.
 26034 | Orc:1    | Bought a scroll of fear for 56 gold pieces
 26034 | Orc:1    | Bought a scroll of blinking for 120 gold pieces
 26034 | Orc:1    | Bought a scroll of fog for 32 gold pieces
 26034 | Orc:1    | Bought a scroll of blinking for 120 gold pieces
 26034 | Orc:1    | Bought a scroll of remove curse for 48 gold pieces
 26158 | Orc:1    | Found Timuluss's Book Emporium.
 26666 | Orc:2    | Entered Level 2 of the Orcish Mines
 26685 | Orc:2    | Found a staircase to the Elven Halls.
 26890 | Orc:2    | Found a roughly hewn altar of Beogh.
 26935 | Orc:2    | Noticed Urug
 26979 | Orc:2    | Killed Urug
 26980 | Orc:2    | Reached skill level 5 in Shields
 27187 | Orc:2    | Noticed Jorgrun
 27201 | Orc:2    | Killed Jorgrun
 27363 | Orc:2    | Found a roughly hewn altar of Beogh.
 27373 | Orc:2    | Found Qoelot's Armour Shop.
 27403 | Orc:2    | Bought a +0 pair of gloves of dexterity for 172 gold pieces
 27456 | Orc:2    | Found a roughly hewn altar of Beogh.
 27554 | Orc:1    | Reached skill level 10 in Armour
 27701 | Orc:2    | Paralysed by an orc sorcerer for 5 turns
 28009 | Orc:2    | Found Heoxzat's Antique Armour Shoppe.
 28010 | Orc:2    | Found a roughly hewn altar of Beogh.
 28023 | Orc:2    | Found Ifo Voewn's Antique Weapon Emporium.
 28028 | Orc:2    | Bought a pair of embroidered boots for 210 gold pieces
 28141 | Orc:2    | Noticed Azrael
 28197 | Orc:2    | Killed Azrael
 28423 | Orc:2    | Found a roughly hewn altar of Beogh.
 28461 | Orc:2    | Found a roughly hewn altar of Beogh.
 28472 | Orc:2    | Found Qopo's Distillery.
 28479 | Orc:2    | Bought a potion of curing for 51 gold pieces
 28479 | Orc:2    | Bought a potion of heal wounds for 85 gold pieces
 28479 | Orc:2    | Bought a potion of resistance for 170 gold pieces
 28567 | Orc:2    | Found a roughly hewn altar of Beogh.
 28753 | D:15     | Entered Level 15 of the Dungeon
 29369 | D:15     | Acquired the +0 pair of boots "Ekidit" {Regen+}
 29436 | D:15     | Found a staircase to the Depths.
 30905 | Swamp:1  | Entered Level 1 of the Swamp
 30927 | Swamp:1  | Reached skill level 18 in Axes
 30927 | Swamp:1  | Reached skill level 10 in Evocations
 31345 | Swamp:1  | Identified the amulet "Ficwazuc" {Faith rElec rN+ Will+}
                  | (You found it on level 1 of the Swamp)
 33296 | Swamp:2  | Noticed a thorn hunter
 33318 | Swamp:2  | Killed a thorn hunter
 33319 | Swamp:2  | Reached XP level 16. HP: 76/139 MP: 10/21
 33464 | Swamp:2  | Found a runed translucent door.
 33464 | Swamp:2  | Identified the cursed +1 spear of Viraops {antimagic, +Inv
                  | rF+ Int+4 Dex-4}
 33466 | Swamp:2  | Noticed boopsy's ghost (adept GnFi)
 33926 | Swamp:2  | Upgraded the game from 0.26.0-10-g1f06aea511 to
                  | 0.26.0-11-g8f856b5395
 34405 | Elf:1    | Entered Level 1 of the Elven Halls
 34719 | D:11     | Bought a scroll of brand weapon for 260 gold pieces
 34719 | D:11     | Bought a scroll of enchant weapon for 97 gold pieces
 34719 | D:11     | Bought a scroll of enchant weapon for 97 gold pieces
 34756 | D:10     | Bought a scroll of brand weapon for 260 gold pieces
 35091 | Elf:1    | Identified the ring "Yreaf" {Fire rElec Dex+2}
 35490 | Elf:1    | Found Niron's General Store.
 35498 | Elf:1    | Found Gaoschar's Distillery.
 35560 | Elf:1    | Bought a potion of haste for 170 gold pieces
 35571 | Elf:1    | Bought a potion of curing for 36 gold pieces
 35571 | Elf:1    | Bought a potion of curing for 36 gold pieces
 35571 | Elf:1    | Bought a potion of curing for 36 gold pieces
 35571 | Elf:1    | Bought a potion of haste for 120 gold pieces
 35571 | Elf:1    | Bought a potion of berserk rage for 60 gold pieces
 35793 | Elf:1    | Cast into level 3 of the Abyss (a deep elf demonologist)
 36293 | Abyss:3  | Gained mutation: Your spells are a little easier to cast,
                  | but a little less powerful. [a neqoxec]
 36296 | Abyss:3  | Noticed a Hell Sentinel
 36314 | Abyss:3  | HP: 7/141 [Hell Sentinel (4)]
 36315 | Abyss:3  | Noticed an Executioner
 36317 | Abyss:3  | Killed from afar by a Hell Sentinel

Illustrated notes

Levels and vault maps discovered:
D:1:      minmay_arrival_wavy_path, layout_basic
D:2:      layout_loops_corners, chequers_temple_overflow_statue_of_worship,
          minmay_goblin_kobold_house
D:3:      layout_rooms, general_overflow_altar, uniq_terence
D:4:      layout_rooms, portal_sewer_entry_f,
          nicolae_gozag_cash_rules_everything_around_me
D:5:      layout_rooms, uniq_ijyb
D:6:      layout_loops_corners, minmay_temple_entry_gardened_gates,
          nicolae_elemental_shop, minmay_pentangle
D:7:      layout_basic, enter_bailey_2
D:8:      layout_rooms, basic_altar, enter_ossuary_5
D:9:      layout_basic, marbit_many_paths, erik_lair_orcish_takeover,
          minmay_pinched_square
D:10:     layout_gridville, serial_shops, shop, shop
D:11:     layout_loops_ring, zombieorc1_lemuel, serial_shops,
          nicolae_shop_waterfront, basic_altar
D:12:     layout_loops_ring, gammafunk_ghost_hydra_chop,
          chequers_serial_rivers_micro_e
D:13:     layout_loops_cross, serial_shops, kennysheep_mini
D:14:     layout_basic, lightli_vaults_fourway_checkpoint,
          minmay_misc_feat_encased, basic_altar, chequers_avenue
D:15:     hangedman_depths_entry_civil_slaughter, layout_loops_cross,
          wad_mini_maze
Lair:1:   layout_cave_pods
Lair:2:   layout_cave_shapes, grunt_megastairs_1
Lair:3:   layout_regular_city, guppyfry_snake_entry_island,
          portal_ice_cave_entry_imps, minmay_stone_trees_medium, minivault_29
Lair:4:   layout_long_grid, swamp_mist, serial_bayou_shore_a
Lair:5:   layout_loops_ring, slime_altar_2, basic_altar, grunt_megastairs_5
Lair:6:   minmay_lair_end_frog_pond, layout_long_grid, wad_woods_road_06,
          chequers_serial_rivers_small_3, eino_house_with_fridge
Swamp:1:  layout_basic_swamp, evilmike_swamp_ruin_rubble_1,
          infiniplex_staircase_pool
Swamp:2:  layout_basic_swamp, ebering_ghost_funeral_grove,
          evilmike_swamp_ruin_house_3, swamp_pool4, infiniplex_staircase_pool_2
Swamp:3:  layout_falls_marsh, evilmike_swamp_ruin_rubble_2, swamp_pool4,
          roderic_carrion_pond
Orc:1:    layout_diamond_mine, serial_shops, nicolae_shop_waterfront,
          nicolae_shop_waterfront, shop_coins
Orc:2:    grunt_orc_community_town_hall, layout_caves,
          grunt_orc_community_big_house_2, grunt_orc_community_big_house_2,
          grunt_orc_community_house_3, grunt_orc_community_house_1,
          grunt_orc_community_house_1, grunt_orc_community_house_2,
          uniq_jorgrun, uniq_urug, uniq_azrael
Elf:1:    minmay_elf_arrival_plus, layout_gridlike, hangedman_elf_disciples,
          minmay_shoptagon
Abyss:3:  base: D:11, nicolae_abyss_rune_left_handed, minivault_4, minivault_11,
          evilmike_abyss_rune_ettins

Skill      XL: |  1  2  3  4  5  6  7  8  9 10 11 12 13 14 15 16 |
---------------+-------------------------------------------------+-----
Axes           | 1 2 3 4 6 7 9 12 14 16 17 18 | 18.7
Fighting       | 2 3 5 7 9 10 11 12 | 12.6
Armour         | 3 5 7 9 10 | 10.0
Dodging        | 1 4 5 |  5.0
Unarmed Combat | 1 4 |  4.0
Evocations     | 5 7 10 11 | 11.5
Shields        | 4 5 6 |  6.9
Maces & Flails | |  1.0
Throwing       | |  1.0
Spellcasting   | |  1.0
Conjurations   | |  1.0
Summonings     | |  1.0

Action                   |  1- 3 |  4- 6 |  7- 9 | 10-12 | 13-15 | 16-18 || total
-------------------------+-------+-------+-------+-------+-------+-------++-------
Melee: Mace              |    91 |       |       |       |       |       ||    91
       Hand axe          |   104 |   113 |    23 |   679 |  2250 |    94 ||  3263
       Quarterstaff      |       |   195 |       |    29 |       |       ||   224
       Spear             |       |    18 |   405 |   417 |   208 |    79 ||  1127
       Punch             |       |       |       |     9 |    27 |       ||    36
       Broad axe         |       |       |       |       |     6 |   229 ||   235
Throw: Dart              |       |     5 |     8 |     1 |     2 |       ||    16
       Javelin           |       |       |     5 |       |       |       ||     5
 Abil: Evoke Blink       |       |       |     4 |       |       |       ||     4
Evoke: Wand              |       |       |     3 |     9 |    21 |     2 ||    35
       Lightning rod     |       |       |       |       |     4 |       ||     4
  Use: Scroll            |     3 |    10 |    13 |    10 |    14 |     7 ||    57
       Potion            |       |       |     2 |     1 |     7 |     6 ||    16
 Stab: Paralysed         |       |       |     4 |     2 |       |       ||     6
       Petrified         |       |       |       |     2 |       |       ||     2
       Invisible         |       |       |       |       |       |     8 ||     8
       Distracted        |       |       |       |       |       |     2 ||     2
Armor: Scale mail        |   142 |   147 |       |       |       |       ||   289
       Chain mail        |       |     6 |   207 |   510 |  1165 |   235 ||  2123
       Swamp dragon scal |       |       |       |       |    28 |       ||    28
Dodge: Dodged            |   115 |   305 |   190 |   394 |   857 |   130 ||  1991
       Repelled          |       |       |       |       |    11 |     3 ||    14
Block: Kite shield       |       |       |       |       |   636 |   196 ||   832
